 Dungeon Crawl Stone Soup version 0.21.0-25-ge575cb9 (webtiles) character file.

561 Monsterracer the Ducker (level 7, 0/56 HPs)
             Began as a Minotaur Gladiator on Jan 25, 2018.
             Was an Initiate of Hepliaklqana.
             Slain by an ogre
             ... wielding a +0 giant spiked club
              (9 damage)
             ... on level 4 of the Dungeon.
             The game lasted 00:13:14 (6612 turns).

Monsterracer the Ducker (Minotaur Gladiator)        Turns: 6612, Time: 00:13:15

Health: 0/56       AC:  6    Str: 18    XL:     7   Next: 9%
Magic:  5/7        EV: 16    Int:  5    God:    Hepliaklqana [......]
Gold:   187        SH:  0    Dex: 14    Spells: 6/6 levels left

rFire    . . .     SeeInvis .   a - +0 long sword {!a}
rCold    . . .     Gourm    .   (no shield)
rNeg     . . .     Faith    .   b - +0 robe (curse)
rPois    .         Spirit   .   f - +1 hat
rElec    .         Reflect  .   g - +1 cloak
rCorr    .         Harm     .   (no gloves)
MR       .....                  e - +0 pair of boots
Stlth    +.........             (no amulet)
HPRegen  0.18/turn              (no ring)
MPRegen  0.10/turn              (no ring)

@: no status effects
A: retaliatory headbutt, reduced essence, horns 2
a: Recall Ancestor, Ancestor Identity, Renounce Religion


You were on level 4 of the Dungeon.
You worshipped Hepliaklqana.
Hepliaklqana was noncommittal.
You were hungry.

You visited 2 branches of the dungeon, and saw 6 of its levels.

You collected 187 gold pieces.

Inventory:

Hand Weapons
 a - a +0 long sword (weapon) {!a}
Missiles
 d - 3 throwing nets (quivered)
Armour
 b - a cursed +0 robe (worn)
 e - a +0 pair of boots (worn)
 f - a +1 hat (worn)
 g - a +1 cloak (worn)
 q - a +0 ring mail
Scrolls
 j - a scroll of remove curse
 r - 2 scrolls of magic mapping {!r}
Potions
 h - a potion of heal wounds {unknown}
 i - a potion of flight
 k - a potion of agility
 m - a potion of haste {unknown}
 n - a potion of berserk rage {unknown}
 o - a potion of curing
Comestibles
 c - 4 rations


   Skills:
 * Level 6.1 Fighting
 - Level 3.6 Long Blades
 - Level 2.0 Throwing
 * Level 7.0 Dodging
 + Level 1.3 Invocations


You had 6 spell levels left.
You didn't know any spells.

Dungeon Overview and Level Annotations

Branches:
Dungeon (5/15)             Temple (1/1) D:5

Altars:
Ashenzari
Cheibriados
Dithmenos
Elyvilon
Fedhas
Gozag
Hepliaklqana
Kikubaaqudgha
Makhleb
Nemelex Xobeh
Okawaru
Qazlal
Ru
Sif Muna
Uskayaw
Vehumet
Wu Jian
Xom
Yredelemnul
Zin
The Shining One

Annotations:
D:4 Sigmund


Innate Abilities, Weirdness & Mutations

You reflexively headbutt those who attack you in melee.
You have a pair of horns on your head.
Your life essence is reduced to manifest your ancestor. (-10% HP)


Message History

a dagger of venom; a robe; a wand of flame (23)
You regained 5 hp, and now have 30/56 hp.
Sigmund is nearby!
You swap places.
You see here a +0 robe.
Sigmund mumbles some strange words.
Sigmund flickers and vanishes!
Deactivating autopickup; reactivate with Ctrl-A.
There is a stone staircase leading down here.
You climb downwards.
There is a stone staircase leading up here.
Autopickup is now on.
You start resting.
All of the chunks of flesh in your inventory have rotted away.
You are feeling hungry.
You regained 3 hp, and now have 34/56 hp.
Key pressed, stopping explore.
Key pressed, stopping explore.
HP restored.
Things that are here:
a robe; a hand axe
Things that are here:
a robe; a dagger; Health restored: 56
Things that are here:
a robe; a dagger
There is a staircase to the Ecumenical Temple, spattered with blood here.
You open the door.
A crimson imp comes into view.
A crimson imp is nearby!
A crimson imp is nearby!
The crimson imp shouts!
An ogre comes into view. It is wielding a giant spiked club.
There is an open door here.
Found 20 stones.
Really attack while wielding your +0 long sword {!a}?
Okay, then.
The crimson imp closely misses you.
Found a thin smoking staff.
The crimson imp hits you but does no damage.
A sky beast comes into view.
Belessunu hits the crimson imp.
The crimson imp hits you but does no damage.
The sky beast flickers out of sight!
Deactivating autopickup; reactivate with Ctrl-A.
Belessunu completely misses the crimson imp.
The crimson imp barely misses you. You furiously retaliate!
You headbutt the crimson imp.
You riposte.
You hit the crimson imp.
The crimson imp is moderately wounded.
Belessunu hits the crimson imp.
The ogre completely misses you. You furiously retaliate!
You headbutt the ogre! The crimson imp barely misses you.
Belessunu closely misses the crimson imp.
There is an open door here.
The crimson imp blinks!
There is a staircase to the Ecumenical Temple, spattered with blood here.
The ogre misses you.
A sky beast appears from thin air!
Reactivating autopickup.
The sky beast hits Belessunu.
The sky beast shocks Belessunu.
Belessunu barely misses the sky beast.
The ogre hits you with a giant spiked club!
The sky beast barely misses Belessunu.
You take 8 damage, and have 48/56 hp.
Belessunu misses the sky beast.
The sky beast barely misses Belessunu.
The ogre hits you with a giant spiked club!!
Belessunu hits the sky beast but does no damage.
The sky beast flickers out of sight!
Deactivating autopickup; reactivate with Ctrl-A.
Something hits Belessunu but does no damage.
You take 19 damage, and have 29/56 hp.
MASSIVE DAMAGE!!
Belessunu hits something.
Something hits Belessunu.
Something shocks Belessunu.
Found a ration.
Belessunu hits something.
Something hits Belessunu.
Something shocks Belessunu.
Unknown command.
Belessunu barely misses something.
Something completely misses Belessunu.
There is a stone staircase leading up here.
Unknown command.
Belessunu hits something but does no damage.
The ogre closely misses you.
A sky beast appears from thin air!
Reactivating autopickup.
The sky beast hits Belessunu.
The sky beast shocks Belessunu.
You climb upwards.
Level annotation: Sigmund
There is a stone staircase leading down, spattered with blood here.
Unknown command.
Unknown command.
Unknown command.
Unknown command.
Belessunu is recalled.
You now have 5/7 mp.
The ogre hits you with a giant spiked club!!
* * * LOW HITPOINT WARNING * * *
You take 22 damage, and have 9/56 hp.
MASSIVE DAMAGE!!
Belessunu hits the ogre.
The ogre hits you with a giant spiked club!
You die...

.....########..##..##.#
.....# #.............#
.....* #...##..#..###*
#####* #...#......#####
#...#.#........#
#...#.##.......#
#...#.*#.......#
#...#.###O.....# #####
#...#...@>R....# ....#
#...######.....# ..).#
###...# #.....#
...<#######.#.# #.....#
....#.)...###.# #.....#
#####.###.###.# #.....#
# #.# #.#.#.# ####### #
#.# #.#.#.###### # #.#
#.#........#


You could see the friendly Belessunu the ancestor and an ogre.

Vanquished Creatures
  An iguana (D:3)
  A centaur skeleton (D:4)
  Natasha (thrice) (D:2)
  2 worker ants
  9 adders
  An ooze (D:1)
  A worm (D:3)
  2 dart slugs
  2 leopard geckos (D:2)
  8 orcs
  7 bats
  3 giant cockroaches
  6 goblins
  6 hobgoblins
  5 jackals
  3 frilled lizards
  11 kobolds
  5 rats
76 creatures vanquished.

Vanquished Creatures (collateral kills)
  Blork the orc (D:4)
  5 orc wizards
  2 orcs
8 creatures vanquished.

Grand Total: 84 creatures vanquished

Notes
Turn   | Place    | Note
-------+----------+-------------------------------------------
     0 | D:1      | Monsterracer the Minotaur Gladiator began the quest for the Orb.
     0 | D:1      | Reached XP level 1. HP: 18/18 MP: 0/0
   492 | D:1      | HP: 8/18 [frilled lizard (3)]
   494 | D:1      | Reached XP level 2. HP: 12/25 MP: 1/1
   909 | D:1      | HP: 12/25 [dart slug/slug dart (3)]
   923 | D:1      | Reached skill level 4 in Dodging
  1344 | D:2      | HP: 12/26 [leopard gecko (3)]
  1355 | D:2      | Reached XP level 3. HP: 14/31 MP: 2/2
  1963 | D:2      | Reached XP level 4. HP: 37/39 MP: 3/3
  2063 | D:2      | Reached skill level 5 in Dodging
  2228 | D:2      | Noticed Natasha
  2241 | D:2      | Killed Natasha
  2400 | D:2      | Noticed Natasha
  2407 | D:2      | Killed Natasha
  2472 | D:2      | Reached XP level 5. HP: 30/46 MP: 4/4
  2986 | D:2      | Noticed Natasha
  3000 | D:2      | Killed Natasha
  3468 | D:3      | HP: 22/47 [worm (8)]
  3476 | D:3      | HP: 14/47 [worm (10)]
  3481 | D:3      | HP: 2/47 [worm (6)]
  3990 | D:3      | Reached skill level 6 in Dodging
  5322 | D:3      | Reached skill level 5 in Fighting
  5322 | D:3      | Reached XP level 6. HP: 47/56 MP: 5/5
  5424 | D:4      | Noticed Sigmund
  5434 | D:4      | HP: 28/56 [something (2)]
  5435 | D:5      | Entered Level 5 of the Dungeon
  5439 | D:4      | HP: 23/56 [Sigmund/scythe (7)]
  5448 | D:4      | HP: 16/56 [Sigmund/magic dart (1)]
  5808 | D:5      | Found a staircase to the Ecumenical Temple.
  5815 | Temple   | Entered the Ecumenical Temple
  5862 | Temple   | Became a worshipper of Hepliaklqana the Forgotten
  5896 | D:5      | HP: 21/50 [orc wizard/dagger (5)]
  5898 | D:5      | HP: 10/50 [orc wizard/magic dart (3)]
  5904 | D:5      | HP: 7/50 [orc wizard/dagger (1)]
  6204 | D:5      | Reached skill level 1 in Invocations
  6226 | D:4      | HP: 25/51 [orc wizard/wand of flame (24) (12)]
  6231 | D:4      | HP: 23/51 [poisoned by an orc wizard]
  6236 | D:4      | HP: 22/51 [poisoned by an orc wizard]
  6243 | D:4      | HP: 21/51 [poisoned by an orc wizard]
  6251 | D:4      | HP: 21/51 [poisoned by an orc wizard]
  6369 | D:4      | Noticed Blork the orc
  6380 | D:4      | HP: 18/51 [Blork the orc/hand axe (11)]
  6382 | D:4      | Killed Blork the orc
  6382 | D:4      | Reached skill level 7 in Dodging
  6382 | D:4      | Reached XP level 7. HP: 21/56 MP: 5/7
  6611 | D:4      | HP: 9/56 [ogre/giant spiked club (22)]
  6612 | D:4      | Slain by an ogre

Skill      XL: |  1  2  3  4  5  6 |
---------------+-------------------+-----
Dodging        | 4 5 6 7 |  7.0
Fighting       | 3 4 5 6 |  6.1
Invocations    | 1 |  1.3
Long Blades    | |  3.6
Throwing       | |  2.0

Action                   |  1- 3 |  4- 6 |  7- 9 || total
-------------------------+-------+-------+-------++-------
Melee: Headbutt          |     3 |    16 |       ||    19
Invok: Recall Ancestor   |       |       |     1 ||     1
  Use: Scroll            |       |     9 |     1 ||    10
       Potion            |       |     3 |       ||     3
  Eat: Chunk             |     3 |    10 |       ||    13
       Ration            |       |     1 |       ||     1
Armor: Leather armour    |    45 |    49 |       ||    94
       Ring mail         |       |    10 |       ||    10
       Robe              |       |    21 |     2 ||    23
Dodge: Dodged            |   133 |   249 |     6 ||   388
       Rpst.: Long sword |    33 |    83 |     1 ||   117

Vault maps used:
D:1:      erik_arrival_cave_to_civilisation
D:2:      uniq_natasha
D:3:      serial_forest, infiniplex_forest_diagonal,
          infiniplex_forest_lined_room_2, infiniplex_forest_straight_4,
          infiniplex_forest_end_2, infiniplex_forest_end_3,
          infiniplex_forest_clump_long, infiniplex_forest_pool,
          infiniplex_forest_clump_small
D:4:      uniq_pikel, uniq_eustachio, uniq_sigmund, uniq_blork_the_orc,
          uniq_crazy_yiuf_cottage
D:5:      temple_statues, first_ration, uniq_prince_ribbit1
Temple:   compressed_dpeg_circular_temple
